Map: Overgrowth LE (Void)

Players

Cham

  • Race: Zerg Zerg
  • Spawn Location: 7:00

TYTY (TY) - Winner!

  • Race: Terran Terran
  • League: Diamond
  • Spawn Location: 1:00

Event: WESG 2016 Finals

VOD

Have the link to the VOD?

Description

Time

  • Played on: Jan. 13, 2017, 6:57 p.m.
  • Length: 5:08

All games in this series

Show
View Real Time Build Order
Export as new Build Order

Cham Zerg 

Build Orders: Hatch First 

Get SALT Encoding   

  12  0:00  Drone  
  13  0:08  Drone  
  14  0:16  Overlord  
  14  0:35  Drone x3  
  17  0:52  Hatchery  
  17  0:55  Drone  
  17  0:58  Drone  
  18  1:05  Extractor  
  17  1:12  Spawning Pool  
  17  1:16  Drone  
  17  1:18  Drone  
  18  1:31  Drone  
  19  1:39  Overlord  
  19  1:59  Queen  
  19  2:00  Zergling x2  
  22  2:01  Zergling x2  
  22  2:03  Queen  
  22  2:04  Zergling x2  
  22  2:07  Metabolic Boost  
  26  2:13  Drone  
  26  2:15  Drone  
  28  2:28  Drone  
  29  2:35  Drone  
  29  2:36  Drone  
  31  2:40  Roach Warren  
  30  2:45  Drone  
  30  2:46  Overlord  
  31  2:52  Overlord  
  31  3:04  Overlord  
  33  3:20  Roach x5  
  33  3:21  Overlord  
  33  3:25  Roach  
  43  3:27  Zergling x6  
  43  3:33  Overlord  
  44  3:42  Zergling x6  
  44  3:46  Zergling x4  
  49  3:50  Zergling x2  
  49  3:53  Ravager  
  49  3:55  Zergling x6  
  54  4:00  Zergling x2  
  55  4:08  Zergling x2  
  56  4:11  Zergling x2  
  56  4:16  Zergling x2  
  56  4:17  Zergling x4  
  60  4:24  Ravager  
  58  4:42  Zergling x2  
  58  4:43  Zergling x2  
  58  4:44  Zergling x8  
  61  4:51  Zergling x2  
Show
View Real Time Build Order
Export as new Build Order

TYTY Terran - Winner!

Build Orders: Hellion Banshee 

Get SALT Encoding   

  12  0:00  SCV  
  13  0:12  SCV  
  14  0:17  Supply Depot  
  14  0:24  SCV  
  15  0:38  SCV  
  15  0:40  Barracks  
  16  0:44  Refinery  
  16  0:50  SCV  
  17  1:02  SCV  
  18  1:14  SCV  
  19  1:26  Marine  
  19  1:27  Orbital Command  
  20  1:38  Command Center  
  20  1:44  Marine  
  21  1:51  Factory  
  21  1:55  SCV  
  22  2:04  Barracks Reactor  
  22  2:05  Supply Depot  
  22  2:08  SCV  
  22  2:12  Refinery  
  23  2:26  SCV  
  24  2:38  SCV  
  24  2:41  Starport  
  25  2:45  Hellion x2  
  25  2:50  SCV  
  25  2:51  Orbital Command  
  30  2:53  Marine  
  31  3:02  SCV  
  31  3:07  Hellion  
  31  3:08  Hellion  
  31  3:10  Marine  
  36  3:18  Medivac  
  36  3:19  SCV  
  39  3:21  SCV  
  40  3:32  Hellion  
  40  3:33  SCV  
  40  3:34  Supply Depot  
  43  3:35  SCV  
  43  3:45  Hellion, SCV  
  43  3:47  Barracks Tech Lab  
  46  3:55  SCV  
  47  3:56  Supply Depot  
  47  3:57  SCV  
  47  3:59  Cyclone  
  51  4:06  Cyclone  
  54  4:11  Supply Depot  
  54  4:15  Bunker  
  54  4:17  Marine, Banshee  
  54  4:22  Supply Depot  
  56  4:33  Hellion  
  52  4:39  Hellion  
  52  4:42  Marine  
  51  4:53  SCV x2  
Tags
 
Add a new tag
Caveats
  • Supply blocks, unpowered buildings, or Contaminate may cause inaccurate times.
  • Supply counts are checked every 10 seconds.